 Dungeon Crawl Stone Soup version 0.21.1-1-g345015fe64 (webtiles) character file.

106 Dargar the Insei (level 4, -4/38 HPs)
             Began as a Draconian Monk on Apr 8, 2018.
             Slain by Sigmund
             ... wielding a +2 scythe of venom
              (10 damage)
             ... on level 2 of the Dungeon.
             The game lasted 00:07:02 (2603 turns).

Dargar the Insei (Draconian Monk)                   Turns: 2603, Time: 00:07:03

Health: -4/38      AC:  6    Str: 13    XL:     4   Next: 55%
Magic:  4/4        EV: 14    Int: 11    God:
Gold:   97         SH:  0    Dex: 14    Spells: 3/3 levels left

rFire    . . .     SeeInvis .     - Unarmed
rCold    . . .     Gourm    .   (no shield)
rNeg     . . .     Faith    .   (armour unavailable)
rPois    .         Spirit   .   (helmet restricted)
rElec    .         Reflect  .   g - +0 cloak
rCorr    .         Harm     .   (no gloves)
MR       .....                  (no boots)
Stlth    ++........             (no amulet)
HPRegen  0.12/turn              (no ring)
MPRegen  0.09/turn              (no ring)

@: lethally poisoned (-4 -> -30)
A: unfitting armour, cold-blooded, AC +5
a: no special abilities


You were on level 2 of the Dungeon.
You were not hungry.

You visited 1 branch of the dungeon, and saw 2 of its levels.

You collected 97 gold pieces.

Inventory:

Armour
 g - a +0 cloak (worn)
Scrolls
 b - 2 scrolls of enchant weapon
 f - a scroll of remove curse
 j - a scroll of teleportation {unknown}
 k - 2 scrolls of identify {unknown}
Potions
 c - 2 potions of curing {unknown}
 e - a potion of magic {unknown}
 h - a potion of invisibility {unknown}
 l - a potion of brilliance {unknown}
 m - a potion of agility {unknown}
Books
 i - a book of Maledictions

   Spells                             Type                      Level
   a - Corona                         Hexes                        1
   b - Ensorcelled Hibernation        Hexes/Ice                    2
   c - Confuse                        Hexes                        3
   d - Tukima's Dance                 Hexes                        3
   e - Dazzling Spray                 Conjuration/Hexes            3
Comestibles
 a - 5 rations


   Skills:
 - Level 3.5 Fighting
 + Level 3.7 Dodging
 - Level 2.0 Stealth
 + Level 4.3 Unarmed Combat


You had 3 spell levels left.
You didn't know any spells.

Dungeon Overview and Level Annotations

Branches:
Dungeon (2/15)

Altars:
Cheibriados
Nemelex Xobeh

Annotations:
D:2 Sigmund


Innate Abilities, Weirdness & Mutations

Your plain brown scales are hard. (AC +5)
You cannot fit into any form of body armour.
You are cold-blooded and may be slowed by cold attacks.


Message History

Sigmund is heavily wounded.
You closely miss Sigmund.
Your tail-slap misses Sigmund.
Sigmund is heavily wounded.
Sigmund mumbles some strange words.
Sigmund flickers and vanishes!
You closely miss something. Something hits you!
You are poisoned.
You hit something but do no damage.
You feel sick. Something hits you but does no damage.
You are more poisoned.
You miss something.
You feel sick.
You barely miss something. You tail-slap something.
You feel sick.
You miss something.
You feel sick. Something hits you!
* * * LOW HITPOINT WARNING * * *
You are more poisoned.
* * * LOW HITPOINT WARNING * * *
You feel very sick.
* * * LOW HITPOINT WARNING * * *
You feel sick. Something hits you!
You die...

..#.#..#.#.#.#............##.#
.............#............##.#
..#.#.##.............#######.#
..#.#.##.#####..####.#######.#
..#.#.##.#..##.......#.......# #
#.#.#.##.##.##...##..##.###### #
#...#.##.##.##...##..##.#########
.####.##.##....{.#...............
.####.##.##..#..@....##.########.
.#.....#.##..##..######..#######.
.P..#.##.##.....<.............##.
........................#####.##.
≈........###.#....#####..........
≈♣.................# #######.#.#
P....####.##.#.#.#.### #.#.#
..........##.#.).._..# ###.#.#
..#.#............#.#.# #......


There were no monsters in sight!

Vanquished Creatures
  A hound (D:2)
  A worker ant zombie (D:2)
  3 adders (D:2)
  A dart slug (D:1)
  4 bats
  2 giant cockroaches (D:2)
  3 goblins
  4 hobgoblins
  4 jackals (D:1)
  5 kobolds
  2 frilled lizards
  4 rats
34 creatures vanquished.

Notes
Turn   | Place    | Note
-------+----------+-------------------------------------------
     0 | D:1      | Dargar the Draconian Monk began the quest for the Orb.
     0 | D:1      | Reached XP level 1. HP: 19/19 MP: 1/1
    60 | D:1      | Reached XP level 2. HP: 4/26 MP: 2/2
  1341 | D:2      | Reached XP level 3. HP: 28/31 MP: 3/3
  1545 | D:2      | Reached XP level 4. HP: 35/38 MP: 4/4
  1594 | D:2      | Found a snail-covered altar of Cheibriados.
  1639 | D:2      | Reached skill level 4 in Unarmed Combat
  1704 | D:2      | Found a sparkling altar of Nemelex Xobeh.
  1883 | D:2      | Noticed Sigmund
  2603 | D:2      | Slain by Sigmund

Skill      XL: |  1  2  3  4 |
---------------+-------------+-----
Stealth        | 2 |  2.0
Dodging        | 3 |  3.7
Unarmed Combat | 4 |  4.3
Fighting       | |  3.5

Action                   |  1- 3 |  4- 6 || total
-------------------------+-------+-------++-------
Melee: Unarmed           |   136 |    40 ||   176
       Tailslap          |    18 |     4 ||    22
       Punch             |     1 |     1 ||     2
  Use: Scroll            |     2 |       ||     2
 Stab: Sleeping          |     3 |     1 ||     4
  Eat: Chunk             |     2 |     1 ||     3
       Ration            |       |     1 ||     1
Armor: Skin              |    43 |    21 ||    64
Dodge: Dodged            |   129 |    32 ||   161
